 Dungeon Crawl Stone Soup version 0.18-a0-952-g309898a (webtiles) character file.

47 tof the Insei (level 3, -2/29 HPs)
             Began as a Demonspawn Monk on Dec 30, 2015.
             Slain by Natasha (9 damage)
             ... on level 2 of the Dungeon.
             The game lasted 00:05:04 (1076 turns).

tof the Insei (Demonspawn Monk)                     Turns: 1076, Time: 00:05:05

Health: -2/29      AC:  2    Str: 11    XL:     3   Next: 48%
Magic:  3/3        EV: 13    Int: 11    God:
Gold:   28         SH:  0    Dex: 16    Spells: 0 memorised, 2 levels left

rFire  . . .     SeeInvis .     e - +1 dagger (freeze)
rCold  + . .     Gourm    .     a - +0 robe
rNeg   . . .     Faith    +     (no shield)
rPois  .         Spirit   .     (helmet restricted)
rElec  .         Dismiss  .     (no cloak)
rCorr  .         Reflect  .     (no gloves)
SustAt .         Harm     .     (no boots)
MR     .....                    g - amulet of faith
Stlth  ++........               (no ring)
                                p - ring of protection from cold

@: slowed, very slow, not resistant to hostile enchantments, unstealthy
A: horns 1, spiny 1
a: no special abilities


You were on level 2 of the Dungeon.
You were not hungry.

You visited 1 branch of the dungeon, and saw 2 of its levels.

You collected 28 gold pieces.

Inventory:

Hand Weapons
 e - a +1 dagger of freezing (weapon)
Missiles
 n - 39 stones (quivered)
Armour
 a - a +0 robe (worn)
Jewellery
 g - an amulet of faith (around neck)
 p - a ring of protection from cold (left hand)
Scrolls
 c - a scroll of identify {unknown}
 j - 2 scrolls of teleportation {unknown}
 k - a scroll of enchant armour {unknown}
 l - a scroll of magic mapping {unknown}
 q - a scroll of remove curse {unknown}
Potions
 d - 2 potions of lignification {unknown}
 h - 3 potions of flight {unknown}
Comestibles
 b - a bread ration
 f - a slice of pizza
 i - a beef jerky
 m - 3 chunks of flesh
 o - a meat ration


   Skills:
 + Level 3.2 Fighting
 + Level 3.2 Dodging
 + Level 2.2 Stealth
 + Level 4.1 Unarmed Combat


You had 2 spell levels left.
You didn't know any spells.

Dungeon Overview and Level Annotations

Branches:
Dungeon (2/15)

Altars:

Annotations:
D:2 Natasha


Innate Abilities, Weirdness & Mutations

You have a pair of small horns on your head.
You are partially covered in sharp spines.


Message History

You feel as though you will be slow longer.
Natasha claws you!
You hit Natasha. You freeze Natasha.
Natasha is moderately wounded.
Natasha zaps a wand.
You feel as though you will be slow longer.
You hit Natasha. You freeze Natasha. Your headbutt misses Natasha.
Natasha is heavily wounded.
Natasha casts a spell at you. The magic dart hits you!
Natasha zaps a wand.
You resist with significant effort.
You closely miss Natasha.
Natasha is heavily wounded.
Natasha claws you!
* * * LOW HITPOINT WARNING * * *
Unknown command.
You miss Natasha. You headbutt Natasha.
Natasha is severely wounded.
Natasha zaps a wand.
You resist with significant effort. Natasha claws you!
You die...

...... ....... ...... ##
.... #. ...# # #. #..#
... ##.####..# ...
#..@.....# ...
......h#.#...# #####...
....$..#.#...####.......
$.......................
......####....###.......
..............# ###)#...
############.## #.#...
#.# #.#... #.# #.#...


You could see Natasha.

Vanquished Creatures
  Natasha (D:2)
  A giant gecko (D:2)
  3 bats (D:1)
  3 goblins
  6 hobgoblins
  3 kobolds
  3 giant newts (D:1)
20 creatures vanquished.

Notes
Turn   | Place    | Note
--------------------------------------------------------------
     0 | D:1      | tof the Demonspawn Monk began the quest for the Orb.
     0 | D:1      | Reached XP level 1. HP: 18/18 MP: 1/1
   376 | D:1      | Gained mutation: You are partially covered in sharp spines. [demonic ancestry]
   376 | D:1      | Reached XP level 2. HP: 20/24 MP: 2/2
   778 | D:2      | Noticed Natasha
   790 | D:2      | Killed Natasha
   790 | D:2      | Reached skill level 4 in Unarmed Combat
   790 | D:2      | Gained mutation: You have a pair of small horns on your head. [demonic ancestry]
   790 | D:2      | Reached XP level 3. HP: 14/29 MP: 3/3
  1070 | D:2      | Noticed Natasha
  1076 | D:2      | Slain by Natasha

Vault maps used:
D:1:      lightli_arrival_isolated_outpost, nrook_uturn, st_stairs_3
D:2:      uniq_terence, uniq_natasha

Action                   || total
-------------------------++-------
Melee: Club              ||    23
       Unarmed           ||    12
       Dagger            ||    24
 Stab: Sleeping          ||     3
  Eat: Chunk             ||     1
